 Dungeon Sprint DCSS version 0.27.0-1-g7a089689b8 (webtiles) character file.

Game seed: 7449735842341740530

3104 Groucho the Protected (level 9, -6/92 HPs)
             Began as a Minotaur Fighter on Aug 5, 2021.
             Was a Priest of Cheibriados.
             Killed from afar by an efreet (7 damage)
             ... with a bolt of fire
             ... while petrified by a catoblepas
             ... in the Dungeon (Sprint IX: "|||||||||||||||||||||||||||||").
             The game lasted 00:03:23 (1310 turns).

Groucho the Protected (Minotaur Fighter)            Turns: 1310, Time: 00:03:24

Health: -6/92      AC: 15    Str: 32    XL:     9   Next: 59%
Magic:  12/12      EV:  2    Int: 12    God:    Cheibriados [***...]
Gold:   0          SH:  0    Dex: 22    Spells: 8/8 levels left

rFire    . . .     SeeInvis .   n - +1 broad axe (vorpal)
rCold    . . .     Faith    .   c - +0 kite shield
rNeg     + + +     Spirit   .   o - +1 chain mail
rPois    ∞         Reflect  .   (helmet restricted)
rElec    .         Harm     .   (no cloak)
rCorr    .         Rampage  .   a - +0 pair of gloves
Will     .....     NoTele   +   (no boots)
Stlth    ..........             (no amulet)
HPRegen  0.25/turn              b - +3 ring of dexterity
MPRegen  0.13/turn              p - +3 ring of strength

@: petrified, very slightly contaminated, very slow
A: horns 2, retaliatory headbutt
a: Renounce Religion, Bend Time, Temporal Distortion


You were in the Dungeon.
You worshipped Cheibriados.
Cheibriados was most pleased with you.
You visited 1 branch

Inventory:

Hand Weapons
 n - a +1 vorpal broad axe (weapon)
Armour
 a - a +0 pair of gloves (worn)
 c - a +0 kite shield (worn)
 o - a +1 chain mail (worn)
Jewellery
 b - a +3 ring of dexterity (left hand)
 p - a +3 ring of strength (right hand)
Wands
 m - a wand of iceblast (3)
Scrolls
 j - a scroll of blinking
 l - 2 scrolls of amnesia
Potions
 d - a potion of might
 e - 5 potions of curing
 g - a potion of haste
 h - 4 potions of magic
 i - a potion of berserk rage


   Skills:
 + Level 12.9 Fighting
 + Level 12.7 Axes
 + Level 12.9 Armour
 + Level 12.9 Shields
 + Level 6.6 Invocations


You had 8 spell levels left.
You didn't know any spells.
Your spell library was empty.

Dungeon Overview and Level Annotations

Branches:
Dungeon (1/1)

Altars:
Cheibriados
Dithmenos
Elyvilon
Fedhas
Gozag
Hepliaklqana
Kikubaaqudgha
Makhleb
Nemelex Xobeh
Okawaru
Qazlal
Ru
Sif Muna
Trog
Uskayaw
Vehumet
Wu Jian
Xom
Yredelemnul
Zin
The Shining One
Beogh
Jiyva
Lugonu


Innate Abilities, Weirdness & Mutations

You have a pair of horns on your head.
You reflexively headbutt those who attack you in melee.


Message History

You turn to flesh and can move again.
You catch the helpless catoblepas completely off-guard!
You slash the catoblepas!
The catoblepas is severely wounded.
You are slowing down.
The catoblepas gores you!
* * * LOW HITPOINT WARNING * * *
You catch the helpless catoblepas completely off-guard!
You slice the catoblepas!!
You kill the catoblepas!
Cheibriados thoroughly appreciates the change of pace.
You can now warp the flow of time around you.
Cheibriados raises the support of your attributes as your movement slows.
Your limbs have turned to stone.
The efreet gestures at you. The bolt of fire hits you!
* * * LOW HITPOINT WARNING * * *
You have turned to stone.
You flicker for a moment.
The efreet gestures at you.
The bolt of fire hits you but does no damage.
The efreet hits you with a +0 scimitar of flaming!
* * * LOW HITPOINT WARNING * * *
The efreet burns you. The efreet gestures at you.
The fireball explodes!
The fireball engulfs you!
* * * LOW HITPOINT WARNING * * *
The fireball engulfs the efreet.
The efreet completely resists.
The efreet hits you but does no damage.
The efreet hits you with a +0 scimitar of flaming.
* * * LOW HITPOINT WARNING * * *
The efreet burns you.
You flicker back into view.
The efreet hits you but does no damage.
The efreet hits you with a +0 scimitar of flaming.
* * * LOW HITPOINT WARNING * * *
The efreet burns you. The efreet gestures at you. The bolt of fire hits you!
You die... ▓▓▓▓▓▓▓▓▓▓▓▓▓▓▓▓▓▓▓▓▓▓▓▓▓▓▓▓ ...○..)...R@.'..[[).)..'____ ▓▓▓▓▓▓▓▓▓▓▓▓▓▓▓▓▓▓▓▓▓▓▓▓▓▓▓▓

You could see an efreet.

Vanquished Creatures
  A catoblepas (D)
  3 two-headed ogres (D)
  A kobold demonologist (D)
  A wraith (D)
  A wyvern (D)
  A vampire mosquito (D)
  An adder (D)
  A white imp (D)
  An adder zombie (D)
  2 endoplasms (D)
  A giant cockroach (D)
  A goblin (D)
  A ball python skeleton (D)
  A frilled lizard (D)
  A quokka skeleton (D)
18 creatures vanquished.

Vanquished Creatures (others)
  A vampire mosquito (D)
  A centaur (D)
  An orc wizard (D)
3 creatures vanquished.

Grand Total: 21 creatures vanquished

Notes
Turn   | Place    | Note
-------+----------+-------------------------------------------
     0 | D        | Groucho the Minotaur Fighter began the quest for the Orb.
     0 | D        | Reached XP level 1. HP: 19/19 MP: 0/0
   511 | D        | Noticed an orc wizard
   515 | D        | Killed an orc wizard
   516 | D        | Reached skill level 5 in Fighting
   516 | D        | Reached skill level 5 in Armour
   516 | D        | Reached skill level 5 in Shields
   516 | D        | Reached XP level 2. HP: 22/29 MP: 1/1
   516 | D        | Reached XP level 3. HP: 27/36 MP: 2/2
   785 | D        | Found a snail-covered altar of Cheibriados.
   785 | D        | Found a shadowy altar of Dithmenos.
   785 | D        | Found a white marble altar of Elyvilon.
   785 | D        | Found a blossoming altar of Fedhas.
   785 | D        | Found an opulent altar of Gozag.
   786 | D        | Found a hazy altar of Hepliaklqana.
   787 | D        | Found a viscous altar of Jiyva.
   788 | D        | Found an ancient bone altar of Kikubaaqudgha.
   789 | D        | Became a worshipper of Cheibriados the Contemplative
   790 | D        | Found a corrupted altar of Lugonu.
   791 | D        | Found a burning altar of Makhleb.
   792 | D        | Found a sparkling altar of Nemelex Xobeh.
   793 | D        | Found an iron altar of Okawaru.
   794 | D        | Found a stormy altar of Qazlal.
   795 | D        | Found a sacrificial altar of Ru.
   796 | D        | Found a shimmering blue altar of Sif Muna.
   797 | D        | Found a bloodstained altar of Trog.
   798 | D        | Found a hide-covered altar of Uskayaw.
   799 | D        | Found a radiant altar of Vehumet.
   800 | D        | Found an ornate altar of the Wu Jian Council.
   801 | D        | Found a shimmering altar of Xom.
   802 | D        | Found a basalt altar of Yredelemnul.
   803 | D        | Found a glowing silver altar of Zin.
   804 | D        | Found a glowing golden altar of the Shining One.
   813 | D        | Found the +5 scythe "Finisher" {speed, eviscerate}
   851 | D        | Noticed a wyvern
   851 | D        | Noticed a two-headed ogre
   851 | D        | Noticed a kobold demonologist
   851 | D        | Noticed a wraith
   851 | D        | Noticed a two-headed ogre
   859 | D        | Killed a two-headed ogre
   860 | D        | Reached skill level 10 in Fighting
   860 | D        | Reached skill level 10 in Armour
   860 | D        | Reached skill level 10 in Shields
   860 | D        | Reached XP level 4. HP: 14/51 MP: 3/3
   860 | D        | Reached XP level 5. HP: 16/58 MP: 4/4
   860 | D        | Reached XP level 6. HP: 18/66 MP: 5/5
   860 | D        | Reached XP level 7. HP: 20/72 MP: 6/6
   861 | D        | Killed a wraith
   862 | D        | Reached skill level 10 in Axes
   872 | D        | Noticed an orange demon
   881 | D        | Killed a kobold demonologist
   881 | D        | Reached * piety under Cheibriados
   882 | D        | Reached XP level 8. HP: 56/82 MP: 6/8
   887 | D        | Killed a two-headed ogre
   891 | D        | Reached ** piety under Cheibriados
  1242 | D        | Noticed an efreet
  1242 | D        | Noticed a catoblepas
  1242 | D        | Noticed a two-headed ogre
  1247 | D        | Killed a two-headed ogre
  1248 | D        | Reached skill level 5 in Invocations
  1248 | D        | Reached XP level 9. HP: 27/91 MP: 10/12
  1301 | D        | Killed a catoblepas
  1301 | D        | Reached *** piety under Cheibriados
  1305 | D        | HP: 3/92 [efreet/fireball (4)]
  1309 | D        | HP: 1/92 [efreet (2)]
  1310 | D        | Killed from afar by an efreet

Illustrated notes

Levels and vault maps discovered:
D:        linesprint [early_d, line_temple, items_1, d_10, items_2, lair_1,
          lair_end, items_3, orc_1, orc_end, items_4, d_15, swamp_1, shoals_1,
          snake_1, spider_1, d_20, vaults_1, items_5, swamp_end, shoals_end,
          snake_end, spider_end, vaults_end, d_27, items_6, zot_1, zot_end,
          crypt_end, forest_end, elf_end, slime_end, tomb_end, abyss_end,
          pan_hell_end]

Skill      XL: |  1  2  3  4  5  6  7  8  9 |
---------------+----------------------------+-----
Fighting       | 5 10 11 12 | 12.9
Armour         | 5 10 11 12 | 12.9
Shields        | 5 10 11 12 | 12.9
Axes           | 4 9 10 12 | 12.7
Invocations    | 2 5 6 |  6.6

Action                   |  1- 3 |  4- 6 |  7- 9 || total
-------------------------+-------+-------+-------++-------
Melee: War axe           |    24 |       |       ||    24
       Headbutt          |     4 |       |    18 ||    22
       Broad axe         |     2 |       |    43 ||    45
Evoke: Wand              |     5 |       |     2 ||     7
  Use: Scroll            |     1 |       |       ||     1
       Potion            |       |       |     4 ||     4
 Stab: Invisible         |       |       |     2 ||     2
       Petrified         |       |       |     2 ||     2
Armor: Scale mail        |     6 |       |       ||     6
       Chain mail        |       |       |    23 ||    23
Dodge: Dodged            |     5 |       |    11 ||    16
Block: Kite shield       |    14 |       |    24 ||    38
